AoeStats
← PiroTrix

Arabia

509781829Analyzed
1v1 RM · 4d ago on Sep 28, 2026· 42m 43s· 2 players
Game mode
Random Map
Map size
Tiny (2 player)
Population
200
Speed
Normal
Resources
Standard
Victory
Conquest
Starting age
Dark Age
Ending age
Imperial Age
RankedLock teamsTeams togetherTeam positionsShared explorationLock speedFull tech treeHidden civsTurbo modeCheats
Victory
Defeat
🇧🇷 Varangians · Brazil
665
+15
🇨🇱 Franks · Chile
649
-23
PiroTrix
12:24 Feudal Age
12:56 Double-Bit Axe
19:00 Castle Age
20:31 Pikeman
20:36 Elite Skirmisher
22:53 Bow Saw
23:12 Husbandry
28:06 Wheelbarrow
36:26 Forging
36:22 Scale Barding Armor
38:24 Fletching
aguinaldofryder
7:37 Loom
10:21 Feudal Age
18:00 Castle Age
17:51 Forging
18:18 Scale Barding Armor
27:06 Gold Mining
27:08 Double-Bit Axe
28:47 Bow Saw
32:27 Vendel Legacy
36:58 Murder Holes
37:33 Husbandry
37:45 Bloodlines
39:16 Iron Casting
39:02 Chain Barding Armor
39:44 Stone Mining
44:54 Imperial Age
43:00 Wheelbarrow
Connection lost

Rejoining the realm…

Still unreachable

The connection could not be restored.

Session expired

The server has moved on; the page needs a fresh start.